2259 views
Uploaded 2022-03-25 23:30:44
Game version 1.32.10
19:32 long 1on1on1on1 ladder game on (8)Sanctuary_LV
Saved by IIlIIlIllIII
2259 views
Uploaded 2022-03-25 23:30:44
Game version 1.32.10
19:32 long 1on1on1on1 ladder game on (8)Sanctuary_LV

35 units @ 5.4k
/ 0.8k
33 buildings @ 3.5k
/ 1.8k



| Scroll of Regeneration | 5 | 500 |
| Staff of Sanctuary | 2 | 500 |
| Orb of Fire | 3 | 975 |
| total: | 10 | 1975g |
| Peasant | 13 | 975 | / | 0 |
| Footman | 8 | 1080 | / | 0 |
| Rifleman | 3 | 615 | / | 90 |
| Knight | 4 | 980 | / | 240 |
| Spell Breaker | 2 | 430 | / | 60 |
| Siege Engine | 2 | 390 | / | 120 |
| Mortar Team | 1 | 180 | / | 70 |
| Goblin Shredder | 2 | 750 | / | 200 |
| total: | 35 | 5400g | / | 780w |
| Scout Tower | 11 | 330 | / | 220 |
| Arcane Tower | 7 | 490 | / | 350 |
| Guard Tower | 4 | 280 | / | 200 |
| Altar of Kings | 2 | 360 | / | 100 |
| Farm | 9 | 720 | / | 180 |
| Barracks | 1 | 160 | / | 60 |
| Blacksmith | 1 | 140 | / | 60 |
| Arcane Vault | 1 | 130 | / | 30 |
| Lumber Mill | 1 | 120 | / | 0 |
| Town Hall | 2 | 770 | / | 410 |
| Arcane Sanctum | 2 | 300 | / | 280 |
| Workshop | 3 | 420 | / | 420 |
| Keep | 1 | 320 | / | 210 |
| Castle | 1 | 360 | / | 210 |
| total: | 33 | 3450g | / | 1760w |
| 0:03 | Peasant |
| 0:03 | Peasant |
| 0:03 | Peasant |
| 0:03 | Peasant |
| 0:16 | Altar of Kings |
| 0:21 | Farm |
| 0:22 | Altar of Kings |
| 0:23 | Farm |
| 0:34 | Peasant |
| 0:34 | Peasant |
| 0:58 | Farm |
| 1:02 | Barracks |
| 1:35 | Farm |
| 1:36 | Peasant |
| 1:36 | Peasant |
| 1:42 | Peasant |
| 1:49 | Peasant |
| 1:49 | Peasant |
| 1:59 | Farm |
| 2:19 | Footman |
| 2:38 | Peasant |
| 2:39 | Peasant |
| 2:52 | Footman |
| 2:52 | Footman |
| 2:52 | Footman |
| 2:54 | Summon Water Elemental |
| 3:37 | Keep |
| 3:56 | Footman |
| 4:06 | Blacksmith |
| 4:12 | Farm |
| 4:45 | Brilliance Aura |
| 5:03 | Goblin Shredder |
| 5:03 | Goblin Shredder |
| 5:09 | Footman |
| 5:15 | Arcane Vault |
| 5:30 | Lumber Mill |
| 5:44 | Defend |
| 6:07 | Summon Water Elemental |
| 6:26 | Footman |
| 6:33 | Footman |
| 6:49 | Castle |
| 6:57 | Scroll of Regeneration |
| 6:58 | Scroll of Regeneration |
| 6:58 | Scroll of Regeneration |
| 7:33 | Scout Tower |
| 7:34 | Scout Tower |
| 7:35 | Scout Tower |
| 7:35 | Scout Tower |
| 7:36 | Scout Tower |
| 7:36 | Scout Tower |
| 8:11 | Town Hall |
| 8:45 | Holy Light |
| 8:50 | Brilliance Aura |
| 8:55 | Scroll of Regeneration |
| 8:55 | Scroll of Regeneration |
| 9:05 | Scout Tower |
| 9:05 | Scout Tower |
| 9:06 | Scout Tower |
| 9:07 | Scout Tower |
| 9:07 | Scout Tower |
| 9:20 | Improved Masonry |
| 9:21 | Iron Forged Swords |
| 9:21 | Iron Plating |
| 9:53 | Long Rifles |
| 9:58 | Rifleman |
| 9:58 | Rifleman |
| 10:20 | Rifleman |
| 10:21 | Farm |
| 10:22 | Farm |
| 10:24 | Arcane Sanctum |
| 10:28 | Arcane Sanctum |
| 10:31 | Divine Shield |
| 10:34 | Arcane Tower |
| 10:35 | Arcane Tower |
| 10:51 | Animal War Training |
| 10:56 | Storm Bolt |
| 11:02 | Staff of Sanctuary |
| 11:18 | Orb of Fire |
| 11:19 | Orb of Fire |
| 11:31 | Arcane Tower |
| 11:34 | Guard Tower |
| 11:35 | Guard Tower |
| 11:57 | Town Hall |
| 12:05 | Magic Sentry |
| 12:05 | Control Magic |
| 12:34 | Knight |
| 12:38 | Holy Light |
| 13:00 | Workshop |
| 13:02 | Workshop |
| 13:22 | Summon Water Elemental |
| 13:25 | Bash |
| 13:58 | Workshop |
| 14:12 | Arcane Tower |
| 14:16 | Steel Forged Swords |
| 14:16 | Steel Plating |
| 14:17 | Black Gunpowder |
| 14:17 | Studded Leather Armor |
| 14:17 | Reinforced Leather Armor |
| 14:21 | Knight |
| 14:24 | Spell Breaker |
| 15:37 | Knight |
| 15:37 | Knight |
| 15:40 | Spell Breaker |
| 15:43 | Siege Engine |
| 15:44 | Barrage |
| 15:51 | Orb of Fire |
| 15:55 | Staff of Sanctuary |
| 16:05 | Farm |
| 16:29 | Advanced Masonry |
| 16:30 | Imbued Masonry |
| 16:54 | Storm Bolt |
| 17:11 | Mortar Team |
| 17:12 | Fragmentation Shards |
| 17:12 | Flare |
| 17:14 | Mithril Plating |
| 17:14 | Mithril Forged Swords |
| 17:16 | Guard Tower |
| 17:31 | Siege Engine |
| 18:32 | Divine Shield |
| Select | 360 |
| Select group | 261 |
| Right click | 241 |
| Build/train/purchase | 239 |
| Chat | 90 |
| Misc. action | 87 |
| Use ability | 40 |
| Assign group | 36 |
| Item give/drop | 10 |
22 units @ 2.8k
/ 0.4k
35 buildings @ 3.5k
/ 1.8k



| Mechanical Critter | 4 | 200 |
| Staff of Sanctuary | 1 | 250 |
| Orb of Fire | 1 | 325 |
| Scroll of Town Portal | 3 | 1050 |
| Potion of Lesser Invulnerability | 2 | 300 |
| total: | 11 | 2125g |
| Peasant | 11 | 825 | / | 0 |
| Rifleman | 3 | 615 | / | 90 |
| Priest | 1 | 135 | / | 10 |
| Knight | 1 | 245 | / | 60 |
| Spell Breaker | 1 | 215 | / | 30 |
| Flying Machine | 4 | 400 | / | 120 |
| Goblin Shredder | 1 | 375 | / | 100 |
| total: | 22 | 2810g | / | 410w |
| Scout Tower | 12 | 360 | / | 240 |
| Arcane Tower | 5 | 350 | / | 250 |
| Guard Tower | 4 | 280 | / | 200 |
| Farm | 10 | 800 | / | 200 |
| Altar of Kings | 1 | 180 | / | 50 |
| Blacksmith | 1 | 140 | / | 60 |
| Barracks | 2 | 320 | / | 120 |
| Arcane Vault | 1 | 130 | / | 30 |
| Lumber Mill | 1 | 120 | / | 0 |
| Town Hall | 2 | 770 | / | 410 |
| Cannon Tower | 2 | 240 | / | 200 |
| Arcane Sanctum | 2 | 300 | / | 280 |
| Workshop | 3 | 420 | / | 420 |
| Keep | 1 | 320 | / | 210 |
| Castle | 1 | 360 | / | 210 |
| total: | 35 | 3540g | / | 1810w |
| 0:04 | Peasant |
| 0:04 | Peasant |
| 0:05 | Peasant |
| 0:05 | Peasant |
| 0:05 | Peasant |
| 0:40 | Peasant |
| 0:51 | Farm |
| 0:52 | Farm |
| 0:56 | Peasant |
| 1:09 | Peasant |
| 1:21 | Altar of Kings |
| 1:26 | Peasant |
| 1:38 | Blacksmith |
| 1:42 | Peasant |
| 1:45 | Scout Tower |
| 1:51 | Barracks |
| 1:56 | Arcane Vault |
| 2:03 | Farm |
| 2:09 | Peasant |
| 2:28 | Arcane Tower |
| 2:53 | Scout Tower |
| 2:56 | Rifleman |
| 3:19 | Rifleman |
| 3:22 | Summon Water Elemental |
| 3:46 | Arcane Tower |
| 3:48 | Farm |
| 3:50 | Keep |
| 4:11 | Mechanical Critter |
| 4:11 | Mechanical Critter |
| 4:29 | Black Gunpowder |
| 5:06 | Lumber Mill |
| 5:17 | Brilliance Aura |
| 5:26 | Town Hall |
| 5:35 | Studded Leather Armor |
| 5:38 | Farm |
| 5:40 | Scout Tower |
| 6:26 | Summon Water Elemental |
| 6:38 | Improved Lumber Harvesting |
| 6:51 | Arcane Tower |
| 7:28 | Castle |
| 7:44 | Holy Light |
| 7:51 | Advanced Lumber Harvesting |
| 8:30 | Arcane Sanctum |
| 8:34 | Arcane Sanctum |
| 9:23 | Goblin Shredder |
| 9:36 | Barracks |
| 10:02 | Divine Shield |
| 10:09 | Scroll of Town Portal |
| 10:19 | Brilliance Aura |
| 10:47 | Potion of Lesser Invulnerability |
| 10:55 | Priest |
| 10:56 | Priest Adept Training |
| 11:01 | Knight |
| 11:02 | Animal War Training |
| 11:03 | Iron Plating |
| 11:31 | Improved Masonry |
| 11:32 | Iron Forged Swords |
| 11:35 | Scout Tower |
| 11:37 | Scout Tower |
| 11:44 | Long Rifles |
| 11:48 | Magic Sentry |
| 11:51 | Farm |
| 11:52 | Farm |
| 11:54 | Scout Tower |
| 11:54 | Scout Tower |
| 12:27 | Priest Master Training |
| 12:28 | Steel Plating |
| 12:32 | Arcane Tower |
| 12:32 | Guard Tower |
| 12:34 | Advanced Masonry |
| 12:39 | Scout Tower |
| 12:41 | Scout Tower |
| 12:42 | Scout Tower |
| 12:45 | Workshop |
| 12:46 | Holy Light |
| 12:51 | Thunder Clap |
| 13:37 | Scroll of Town Portal |
| 13:45 | Scroll of Town Portal |
| 13:45 | Potion of Lesser Invulnerability |
| 13:59 | Storm Bolt |
| 14:33 | Arcane Tower |
| 14:34 | Guard Tower |
| 14:35 | Cannon Tower |
| 14:36 | Imbued Masonry |
| 14:39 | Guard Tower |
| 14:39 | Cannon Tower |
| 14:54 | Workshop |
| 14:55 | Workshop |
| 14:59 | Steel Forged Swords |
| 16:18 | Refined Gunpowder |
| 16:22 | Spell Breaker |
| 16:23 | Rifleman |
| 16:28 | Flying Machine |
| 16:28 | Flak Cannons |
| 16:48 | Scout Tower |
| 16:50 | Scout Tower |
| 17:18 | Mechanical Critter |
| 17:18 | Mechanical Critter |
| 17:21 | Staff of Sanctuary |
| 17:29 | Orb of Fire |
| 17:40 | Town Hall |
| 18:39 | Summon Water Elemental |
| 18:51 | Flying Machine |
| 18:51 | Flying Machine |
| 18:54 | Guard Tower |
| 18:55 | Farm |
| 19:02 | Farm |
| 19:03 | Farm |
| 19:13 | Flying Machine |
| 19:27 | Storm Bolt |
| Select group | 321 |
| Select | 253 |
| Right click | 178 |
| Build/train/purchase | 114 |
| Misc. action | 68 |
| Chat | 36 |
| Assign group | 30 |
| Use ability | 24 |
| Item give/drop | 10 |
41 units @ 6.6k
/ 0.6k
23 buildings @ 4.1k
/ 1.8k



| Healing Salve | 3 | 300 |
| Potion of Lesser Invulnerability | 1 | 150 |
| total: | 4 | 450g |
| Peon | 16 | 1200 | / | 0 |
| Grunt | 7 | 1400 | / | 0 |
| Wind Rider | 11 | 2915 | / | 440 |
| Spirit Walker | 3 | 585 | / | 105 |
| Shaman | 4 | 520 | / | 80 |
| total: | 41 | 6620g | / | 625w |
| Altar of Storms | 1 | 180 | / | 50 |
| Orc Burrow | 10 | 1600 | / | 400 |
| Barracks | 1 | 180 | / | 50 |
| Voodoo Lounge | 1 | 130 | / | 30 |
| War Mill | 2 | 410 | / | 0 |
| Great Hall | 2 | 770 | / | 370 |
| Beastiary | 4 | 580 | / | 560 |
| Tauren Totem | 1 | 135 | / | 155 |
| Spirit Lodge | 1 | 150 | / | 150 |
| Stronghold | 1 | 315 | / | 190 |
| Fortress | 1 | 325 | / | 190 |
| total: | 23 | 4135g | / | 1765w |
| 0:05 | Altar of Storms |
| 0:07 | Peon |
| 0:07 | Peon |
| 0:13 | Orc Burrow |
| 0:18 | Peon |
| 0:27 | Peon |
| 0:51 | Barracks |
| 0:57 | Peon |
| 1:08 | Peon |
| 1:08 | Peon |
| 1:22 | Peon |
| 1:30 | Peon |
| 1:57 | Orc Burrow |
| 2:03 | Voodoo Lounge |
| 2:19 | Grunt |
| 2:19 | Grunt |
| 2:29 | War Stomp |
| 2:45 | Grunt |
| 3:33 | Stronghold |
| 3:42 | War Mill |
| 4:03 | Healing Salve |
| 4:03 | Healing Salve |
| 4:25 | Grunt |
| 4:25 | Grunt |
| 4:38 | Grunt |
| 4:55 | Endurance Aura |
| 5:16 | Grunt |
| 5:20 | Orc Burrow |
| 5:21 | Orc Burrow |
| 5:56 | Fortress |
| 6:52 | Endurance Aura |
| 7:25 | Beastiary |
| 7:42 | Beastiary |
| 8:01 | Berserker Strength |
| 8:04 | Steel Melee Weapons |
| 8:55 | Beastiary |
| 8:56 | Beastiary |
| 8:59 | Wind Rider |
| 8:59 | Wind Rider |
| 9:01 | Steel Ranged Weapons |
| 9:20 | War Stomp |
| 9:28 | Healing Salve |
| 10:05 | Great Hall |
| 10:16 | Healing Wave |
| 10:54 | Wind Rider |
| 10:54 | Wind Rider |
| 10:55 | Wind Rider |
| 10:55 | Wind Rider |
| 11:17 | Hex |
| 11:59 | Wind Rider |
| 11:59 | Wind Rider |
| 12:00 | Wind Rider |
| 12:12 | Orc Burrow |
| 12:12 | Orc Burrow |
| 12:12 | Orc Burrow |
| 12:13 | Orc Burrow |
| 13:02 | Healing Wave |
| 13:29 | Peon |
| 13:29 | Peon |
| 13:29 | Peon |
| 13:30 | Peon |
| 14:11 | Envenomed Spears |
| 14:12 | Wind Rider |
| 14:13 | Wind Rider |
| 14:18 | Orc Burrow |
| 14:18 | Orc Burrow |
| 14:26 | Chain Lighting |
| 15:18 | Tauren Totem |
| 15:25 | Spirit Lodge |
| 15:32 | Steel Armor |
| 15:42 | War Mill |
| 15:47 | Peon |
| 15:47 | Peon |
| 15:47 | Peon |
| 16:04 | Potion of Lesser Invulnerability |
| 16:54 | Shaman Adept Training |
| 17:37 | Spirit Walker |
| 17:37 | Spirit Walker |
| 17:40 | Shaman |
| 17:41 | Shaman |
| 18:13 | War Drums Damage Increase |
| 18:17 | Thorium Ranged Weapons |
| 18:29 | Spirit Walker |
| 18:32 | Shaman |
| 18:32 | Shaman |
| 19:12 | Shaman Master Training |
| 19:13 | Spirit Walker Adept Training |
| 19:25 | Great Hall |
| Right click | 678 |
| Select group | 567 |
| Select | 295 |
| Build/train/purchase | 78 |
| Misc. action | 67 |
| Assign group | 26 |
| Use ability | 13 |
| Item give/drop | 9 |
| Remove unit | 7 |
37 units @ 5.7k
/ 0.7k
23 buildings @ 3.8k
/ 1.6k



| Healing Salve | 4 | 400 |
| Tiny Great Hall | 2 | 1200 |
| Orb of Lightning | 1 | 375 |
| Lesser Clarity Potion | 1 | 70 |
| Potion of Mana | 2 | 400 |
| Potion of Healing | 2 | 300 |
| Scroll of Town Portal | 2 | 700 |
| Scroll of Healing | 1 | 250 |
| Boots of Speed | 2 | 500 |
| total: | 17 | 4195g |
| Peon | 16 | 1200 | / | 0 |
| Grunt | 3 | 600 | / | 0 |
| Raider | 1 | 180 | / | 40 |
| Spirit Walker | 1 | 195 | / | 35 |
| Shaman | 5 | 650 | / | 100 |
| Wind Rider | 8 | 2120 | / | 320 |
| Tauren | 1 | 280 | / | 80 |
| Troll Witch Doctor | 1 | 145 | / | 25 |
| Goblin Shredder | 1 | 375 | / | 100 |
| total: | 37 | 5745g | / | 700w |
| Watch Tower | 3 | 330 | / | 240 |
| Altar of Storms | 1 | 180 | / | 50 |
| Orc Burrow | 7 | 1120 | / | 280 |
| Barracks | 2 | 360 | / | 100 |
| Voodoo Lounge | 2 | 260 | / | 60 |
| Great Hall | 1 | 385 | / | 185 |
| War Mill | 2 | 410 | / | 0 |
| Tauren Totem | 1 | 135 | / | 155 |
| Beastiary | 2 | 290 | / | 280 |
| Spirit Lodge | 2 | 300 | / | 300 |
| Stronghold | 1 | 315 | / | 190 |
| Fortress | 1 | 325 | / | 190 |
| total: | 23 | 3770g | / | 1650w |
| 0:01 | Peon |
| 0:04 | Altar of Storms |
| 0:09 | Peon |
| 0:19 | Orc Burrow |
| 0:34 | Barracks |
| 0:35 | Peon |
| 0:47 | Peon |
| 1:02 | Peon |
| 1:15 | Peon |
| 1:25 | Voodoo Lounge |
| 1:35 | Grunt |
| 1:44 | Peon |
| 1:55 | Peon |
| 2:07 | Wind Walk |
| 2:33 | Stronghold |
| 2:45 | Healing Salve |
| 2:46 | Healing Salve |
| 3:16 | Orc Burrow |
| 4:02 | Critical Strike |
| 4:07 | Grunt |
| 4:54 | Fortress |
| 5:33 | Great Hall |
| 5:38 | Orc Burrow |
| 5:41 | Wind Walk |
| 5:51 | Hex |
| 6:01 | Healing Salve |
| 6:32 | Goblin Shredder |
| 6:47 | Tauren Totem |
| 6:51 | Beastiary |
| 7:08 | Grunt |
| 7:17 | Healing Wave |
| 7:56 | Raider |
| 7:56 | Ensnare |
| 8:04 | Spirit Walker |
| 8:04 | Spirit Walker Adept Training |
| 8:06 | Peon |
| 8:06 | Peon |
| 8:06 | Peon |
| 8:16 | War Stomp |
| 8:22 | Orc Burrow |
| 8:35 | Spirit Lodge |
| 8:56 | War Mill |
| 9:22 | War Mill |
| 9:35 | Critical Strike |
| 9:43 | Peon |
| 9:50 | Shaman Adept Training |
| 9:59 | Tiny Great Hall |
| 10:07 | Orb of Lightning |
| 10:12 | Barracks |
| 10:32 | Spirit Walker Master Training |
| 10:39 | Spirit Lodge |
| 10:43 | Endurance Aura |
| 10:51 | Pillage |
| 10:55 | Healing Wave |
| 11:03 | Beastiary |
| 11:15 | Reinforced Defenses |
| 11:29 | Peon |
| 11:29 | Peon |
| 11:29 | Peon |
| 11:30 | Peon |
| 11:36 | Berserker Upgrade |
| 11:38 | Shaman Master Training |
| 11:56 | Shaman |
| 11:58 | Orc Burrow |
| 12:09 | Steel Armor |
| 12:18 | Wind Rider |
| 12:19 | Wind Rider |
| 12:20 | Shaman |
| 12:21 | Shaman |
| 12:23 | Scroll of Town Portal |
| 12:23 | Scroll of Town Portal |
| 12:25 | Lesser Clarity Potion |
| 12:27 | Potion of Mana |
| 12:27 | Potion of Mana |
| 12:32 | Tauren |
| 12:34 | Orc Burrow |
| 12:57 | Wind Rider |
| 12:58 | Wind Rider |
| 13:04 | Steel Ranged Weapons |
| 13:11 | Shaman |
| 13:12 | Shaman |
| 13:19 | Pulverize |
| 13:22 | War Stomp |
| 13:27 | Voodoo Lounge |
| 13:30 | Troll Witch Doctor |
| 13:30 | Witch Doctor Adept Training |
| 13:39 | Envenomed Spears |
| 13:41 | Wind Rider |
| 13:46 | Witch Doctor Master Training |
| 14:03 | Tiny Great Hall |
| 14:36 | Orc Burrow |
| 14:42 | Backpack |
| 14:47 | Thorium Armor |
| 14:52 | Wind Rider |
| 14:59 | Troll Regeneration |
| 15:18 | Scroll of Healing |
| 15:22 | Boots of Speed |
| 15:25 | Boots of Speed |
| 15:38 | Watch Tower |
| 16:34 | Arcanite Armor |
| 16:42 | Watch Tower |
| 16:44 | Wind Rider |
| 17:11 | Hex |
| 17:37 | Wind Rider |
| 18:02 | Watch Tower |
| 18:06 | Thorium Ranged Weapons |
| 18:23 | Wind Walk |
| 18:57 | Potion of Healing |
| 19:12 | Potion of Healing |
| 19:14 | Healing Salve |
| 19:17 | Endurance Aura |
| Select group | 1666 |
| Right click | 1250 |
| Chat | 439 |
| Select | 432 |
| Misc. action | 334 |
| Assign group | 174 |
| Build/train/purchase | 137 |
| Use ability | 101 |
| Item give/drop | 13 |
| Esc | 5 |